 Dungeon Crawl Stone Soup version 0.30-a0-586-g23e55c9e0a (webtiles) character file.

Game seed: 15859437065689359972

30 Darkkill the Shooter (level 3, -1/30 HPs)
             Began as a Minotaur Hunter on Jan 3, 2023.
             Slain by Terence
             ... wielding a +1 short sword of venom
              (2 damage)
             ... on level 2 of the Dungeon.
             The game lasted 00:01:09 (795 turns).

Darkkill the Shooter (Minotaur Hunter)               Turns: 795, Time: 00:01:09

Health: -1/30      AC:  4    Str: 21    XL:     3   Next: 5%
Magic:  2/2        EV: 12    Int:  6    God:
Gold:   80         SH:  0    Dex: 15    Spells: 2/2 levels left

rFire   . . .      SeeInvis .    a - +0 shortbow (freeze)
rCold   . . .      Faith    .    (shield currently unavailable)
rNeg    . . .      Spirit   .    c - +0 leather armour
rPois   .          Reflect  .    (helmet restricted)
rElec   .          Harm     .    (no cloak)
rCorr   .          Rampage  .    e - +0 pair of gloves
Will    .....                    (no boots)
Stlth   ++                       (no amulet)
HPRegen 0.25/turn                j - +6 ring of strength
MPRegen 0.08/turn                (no ring)

@: lethally poisoned (-1 -> -18)
A: horns 2, retaliatory headbutt
a: no special abilities


You were on level 2 of the Dungeon.
You visited 1 branch of the dungeon, and saw 2 of its levels.

You collected 80 gold pieces.

Inventory:

Hand Weapons
 a - a +0 shortbow of freezing (weapon)
Missiles
 i - 6 boomerangs
Armour
 c - a +0 leather armour (worn)
 e - a +0 pair of gloves (worn)
Jewellery
 j - a +6 ring of strength (left hand)
Scrolls
 b - a scroll of immolation
Potions
 d - 2 potions of heal wounds {unknown}
 g - a potion of lignification {unknown}
 h - a potion of mutation {unknown}
 k - a potion of haste {unknown}
 m - a potion of might {unknown}


   Skills:
 + Level 2.9 Fighting
 + Level 4.7 Ranged Weapons
 + Level 2.7 Dodging
 + Level 1.4 Stealth


You had 2 spell levels left.
You didn't know any spells.
Your spell library was empty.

Dungeon Overview and Level Annotations

Branches:
Dungeon (2/15)

Altars:

Annotations:
D:2 Terence


Innate Abilities, Weirdness & Mutations

You have a pair of horns on your head.
You reflexively headbutt those who attack you in melee.


Message History

A giant cockroach comes into view.
You shoot an arrow.
The arrow closely misses the giant cockroach.
A giant cockroach is nearby!
You shoot an arrow. The arrow hits the giant cockroach.
You kill the giant cockroach!
A frilled lizard comes into view.
A frilled lizard is nearby!
You shoot an arrow. The arrow hits the frilled lizard.
You kill the frilled lizard!
You have reached level 3!
Your experience leads to an increase in your attributes!
Increase (S)trength, (I)ntelligence, or (D)exterity?
You feel agile. x2
Found an escape hatch in the floor.
No target in view!
You see here a hobgoblin corpse.
You see here a frilled lizard corpse.
A kobold comes into view. It is wielding a +0 dagger.
You shoot an arrow. The arrow hits the kobold!
You kill the kobold!
A hobgoblin comes into view.
You shoot an arrow. The arrow hits the hobgoblin!
You kill the hobgoblin!
m - a ruby potion No target in view!
No target in view!
Found a dagger.
No target in view!
Things that are here:
a +0 club; 2 stones You see here a frilled lizard skeleton.
There is an open door here.
You open the door.
There is an open door here.
Done exploring.
No target in view!
Done exploring.
No target in view!
Done exploring.
No target in view!
Done exploring.
Done exploring.
You feel stronger.
j - a +6 ring of strength (left hand)
As you read the scroll labelled GELECK SEIKEU, it crumbles to dust.
You feel momentarily disoriented.
It was a scroll of magic mapping.
As you read the scroll labelled VAUH RUXER LEZ, it crumbles to dust.
It is a scroll of brand weapon.
Your +0 shortbow is covered with a thin layer of ice!
a - a +0 shortbow of freezing (weapon)
You open the door.
There is an open door here.
There is a stone staircase leading down here.
You climb downwards.
Found 2 poisoned darts and an orange potion.
There is a stone staircase leading up here.
No target in view!
Terence the Incautious comes into view.
He is wielding a +1 short sword of venom.
Found a leather armour.
Found an escape hatch in the floor.
You shoot an arrow.
The arrow hits Terence but does no damage.
Terence shouts!
You shoot an arrow.
The arrow hits Terence but does no damage.
You shoot an arrow. The arrow hits Terence.
The arrow freezes Terence.
Terence is moderately wounded.
Terence hits you with a +1 short sword of venom.
You shoot an arrow.
The arrow hits Terence but does no damage.
Terence is moderately wounded.
Terence barely misses you. You furiously retaliate!
You headbutt Terence.
Terence hits you with a +1 short sword of venom.
You are poisoned.
You shoot an arrow. The arrow barely misses Terence.
You feel very sick.
Terence hits you with a +1 short sword of venom.
You are lethally poisoned!
You are too injured to fight recklessly!
You are too injured to fight recklessly!
You are too injured to fight recklessly!
Fire: a) +0 shortbow (freeze)
Press: ? - help, Q - select action, (/) - cycle Shift-Dir - straight line, f/p - Terence
Aim: Terence, wielding a +1 short sword of venom and wearing a +0 scale mail (heavily wounded, 65% to hit)
You shoot an arrow.
The arrow hits Terence but does no damage.
Terence is heavily wounded.
You feel very sick.
Terence hits you with a +1 short sword of venom.
* * * LOW HITPOINT WARNING * * *
You are more poisoned.
Fire: a) +0 shortbow (freeze)
Press: ? - help, Q - select action, (/) - cycle Shift-Dir - straight line, f/p - Terence
Aim: Terence, wielding a +1 short sword of venom and wearing a +0 scale mail (heavily wounded, 65% to hit)
You shoot an arrow. The arrow hits Terence!
The arrow freezes Terence.
Terence is almost dead.
* * * LOW HITPOINT WARNING * * *
You feel extremely sick.
Terence hits you with a +1 short sword of venom.
You die...

....>.. .......
....... ..(....
....... .
....... ...
[.....@####.....
#@<.......
#.#####.## #.#
#.# #.# #.# #!#
#.#


You could see Terence.

Vanquished Creatures
  A bat (D:1)
  2 endoplasms (D:1)
  2 giant cockroaches (D:1)
  5 hobgoblins (D:1)
  A quokka (D:1)
  2 ball pythons (D:1)
  4 frilled lizards (D:1)
  3 goblins (D:1)
  4 kobolds (D:1)
  6 rats (D:1)
30 creatures vanquished.

Notes
Turn   | Place    | Note
-------+----------+-------------------------------------------
     0 | D:1      | Darkkill the Minotaur Hunter began the quest for the Orb.
     0 | D:1      | Reached XP level 1. HP: 18/18 MP: 0/0
    55 | D:1      | Reached skill level 1 in Stealth
    55 | D:1      | HP: 2/18 [hobgoblin (3)]
   266 | D:1      | Reached XP level 2. HP: 25/25 MP: 1/1
   523 | D:1      | Reached XP level 3. HP: 30/30 MP: 2/2
   788 | D:2      | Noticed Terence
   795 | D:2      | HP: 1/30 [poisoned by Terence]
   795 | D:2      | Slain by Terence

Illustrated notes

Levels and vault maps discovered:
D:1:      heliophobic_arrival_ceremonial_halls, layout_loops_cross,
          minmay_tromino_v2
D:2:      layout_loops_ring, minmay_close_crescents, uniq_terence

Skill      XL: |  1 |
---------------+----+-----
Stealth        | 1 |  1.4
Fighting       | |  2.9
Ranged Weapons | |  4.7
Dodging        | |  2.7

Action                   || total
-------------------------++-------
 Fire: Shortbow          ||    73
  Use: Scroll            ||     2
Armor: Leather armour    ||     5
Dodge: Dodged            ||    14

Table legend: (Time is in decaauts)
 A = Elapsed time spent in this place.
 B = Non-inter-level travel time spent in this place.
 C = Inter-level travel time spent in this place.
 D = Time resting spent in this place.
 E = Time spent auto-exploring this place.
 F = Levels seen in this place.
 G = Mean time per level.
                   A        B        C        D        E       F      G
               +--------+--------+--------+--------+--------+-----+--------+
         Total |    816 |    816 |      0 |     61 |    572 |   2 |  408.0 |
       Dungeon |    816 |    816 |      0 |     61 |    572 |   2 |  408.0 |
               +--------+--------+--------+--------+--------+-----+--------+

Top non-repeatable levels by time:
     D:1: 806 daAuts
     D:2: 9 daAuts

Table legend:
 A = Kills in this place as a percentage of kills in entire the game.
 B = Kills by you in this place as a percentage of kills by you in the entire game.
 C = Kills by friends in this place as a percentage of kills by friends in the entire game.
 D = Other kills in this place as a percentage of other kills in the entire game.
 E = Experience gained in this place as a percentage of experience gained in the entire game.
 F = Experience gained in this place divided by the number of levels of this place that you have seen.
                   A       B       C       D       E      F
               +-------+-------+-------+-------+-------+----------------------
         Total | 100.0 | 100.0 |   N/A |   N/A | 100.0 |  22.0
       Dungeon | 100.0 | 100.0 |   N/A |   N/A | 100.0 |  22.0
               +-------+-------+-------+-------+-------+----------------------
